 Dungeon Crawl Stone Soup version 0.31-a0-174-g85c54bcb58 (webtiles) character file.

Game seed: 16205928103277386734

1011 Dittersdorf the Covered (level 8, -13/51 HPs)
             Began as a Gargoyle Fighter on June 15, 2023.
             Was an Initiate of Okawaru.
             Killed from afar by an acid dragon (31 damage)
             ... with a splash of acid
             ... on level 6 of the Dungeon.
             The game lasted 00:06:43 (4655 turns).

Dittersdorf the Covered (Gargoyle Fighter)          Turns: 4655, Time: 00:06:44

Health: -13/51     AC: 13    Str: 23    XL:     8   Next: 21%
Magic:  17/17      EV:  9    Int:  8    God:    Okawaru [......]
Gold:   322        SH:  5    Dex:  9    Spells: 7/7 levels left

rFire   . . .        a - +0 flail
rCold   . . .        c - +0 buckler
rNeg    + . .        f - +2 scale mail {Will+}
rPois   ∞            o - +1 helmet
rElec   +            q - +0 cloak
rCorr   .            (no gloves)
SInv    .            u - +1 pair of boots
Will    +....        w - amulet of faith Stlth
                     p - ring of flight
HPRegen 0.28/turn    x - ring of magical power
MPRegen 0.15/turn

%: faith
@: corroded, flying
A: sickness immunity, AC +5, negative energy resistance 1, electricity
resistance, torment resistance 1, petrification resistance
a: Renounce Religion


You were on level 6 of the Dungeon.
You worshipped Okawaru.
Okawaru was noncommittal.
You visited 2 branches of the dungeon, and saw 7 of its levels.

You collected 322 gold pieces.

Inventory:

Hand Weapons
 a - a +0 flail (weapon)
Missiles
 b - a throwing net
 e - 16 poisoned darts (quivered)
Armour
 c - a +0 buckler (worn)
 f - a +2 scale mail of willpower (worn)
 o - a +1 helmet (worn)
 q - a +0 cloak (worn)
 u - a +1 pair of boots (worn)
Jewellery
 p - a ring of flight (left hand)
 r - a ring of fire
 w - an amulet of faith (around neck)
 x - a ring of magical power (right hand)
Wands
 m - a wand of paralysis (5)
Scrolls
 n - a scroll of fear
 s - a scroll of revelation
 v - 3 scrolls of poison
Potions
 d - a potion of might
 g - a potion of brilliance
 h - 5 potions of curing
 i - a potion of magic
 j - a potion of ambrosia
 k - a potion of enlightenment
 l - a potion of resistance
 t - 2 potions of degeneration {unknown}


   Skills:
 + Level 6.0 Fighting
 + Level 5.0 Maces & Flails
 + Level 6.0 Armour
 + Level 6.0 Shields


You had 7 spell levels left.
You didn't know any spells.
Your spell library was empty.

Dungeon Overview and Level Annotations

Branches:
Dungeon (6/15)             Temple (1/1) D:6

Altars:
Ashenzari
Cheibriados
Dithmenos
Kikubaaqudgha
Makhleb
Okawaru
Qazlal
Sif Muna
Uskayaw
Wu Jian
Xom
Zin
The Shining One

Shops:
D:3 :   D:6 [

Annotations:
D:3 1 runed translucent door, Crazy Yiuf


Innate Abilities, Weirdness & Mutations

You are immune to sickness and miasma.
Your stone body is resilient. (AC +5)
You are immune to poison.
You resist negative energy. (rN+)
You are resistant to electric shocks. (rElec)
You are resistant to unholy torment.
You are immune to petrification.


Message History

The acid dragon misses you.
You barely miss the acid dragon.
The acid dragon is heavily wounded.
The acid dragon barely misses you. The acid dragon closely misses you.
The acid dragon spits acid at you. The splash of acid hits you!
The acid corrodes you!
You are too injured to fight recklessly!
You are too injured to fight recklessly!
You are too injured to fight recklessly!
You are too injured to fight recklessly!
You are too injured to fight recklessly!
You are too injured to fight recklessly!
You are too injured to fight recklessly!
You are too injured to fight recklessly!
You are too injured to fight recklessly!
You are too injured to fight recklessly!
You are too injured to fight recklessly!
You are too injured to fight recklessly!
You are too injured to fight recklessly!
You are too injured to fight recklessly!
You are too injured to fight recklessly!
You are too injured to fight recklessly!
You barely miss the acid dragon.
The acid dragon is heavily wounded.
The acid dragon bites you but does no damage.
You block the acid dragon's attack.
You closely miss the acid dragon.
The acid dragon is heavily wounded.
The acid dragon barely misses you.
The acid dragon claws you but does no damage.
You closely miss the acid dragon.
The acid dragon is heavily wounded.
The acid dragon closely misses you.
The acid dragon claws you but does no damage.
You hit the acid dragon but do no damage.
The acid dragon is heavily wounded.
The acid dragon spits acid at you. The splash of acid hits you!!
Ouch! That really hurt!
You die...

#.# ##+## #.* # #.# #.# #,*
# #!# #.# *,* #
#.############.## *,* #
#..........##...##*****,* #
##########.#.....,,,,,,,*
#.#*...###******
#.#*#D...#* #.###@.#,,**
#......#,,,**
#####.#..#,,** *...##.#*,**
***********#..##,⌠.#*,**
*,,,,,,,,,*#.##**,*#**,**
*,*******,*..*,*,*,*,*,,*
**,*******,*.#,⌠,***,*,*,*
*,,,,,,,,*,#.,*,*,*,*,*,,**


You could see an acid dragon (catching breath).

Vanquished Creatures
  An orc warrior (D:6)
  A black bear (D:6)
  An ice beast (D:5)
  An ogre (D:6)
  A bullfrog (D:6)
  A scorpion (D:3)
  A quasit (D:5)
  A hound (D:6)
  A jelly (D:5)
  A sleepcap (D:4)
  Natasha (thrice) (D:4)
  4 iguanas
  An orc wizard (D:4)
  7 gnolls
  6 adders
  A shadow imp (D:5)
  3 white imps (D:5)
  5 dart slugs
  2 orcs
  6 bats
  6 endoplasms
  4 giant cockroaches
  4 goblins
  4 hobgoblins
  4 jackals (D:1)
  3 quokkas
  2 ball pythons
  A frilled lizard (D:2)
  6 kobolds
  2 rats
84 creatures vanquished.

Notes
Turn   | Place    | Note
-------+----------+-------------------------------------------
     0 | D:1      | Dittersdorf the Gargoyle Fighter began the quest for the
                  | Orb.
     0 | D:1      | Reached XP level 1. HP: 14/14 MP: 1/1
   123 | D:1      | Reached XP level 2. HP: 18/19 MP: 2/2
   532 | D:1      | Reached XP level 3. HP: 23/23 MP: 3/3
  1504 | D:3      | Reached XP level 4. HP: 29/29 MP: 4/4
  1566 | D:3      | Found a runed translucent door.
  1567 | D:3      | Noticed Crazy Yiuf
  1608 | D:3      | Found a snail-covered altar of Cheibriados.
  1717 | D:3      | Found Eneiroag's Vocational Training.
  2082 | D:4      | Noticed a scorpion
  2097 | D:3      | Killed a scorpion
  2098 | D:3      | Reached XP level 5. HP: 33/33 MP: 5/5
  2526 | D:4      | Noticed Natasha
  2531 | D:4      | Killed Natasha
  2532 | D:4      | Reached XP level 6. HP: 39/39 MP: 6/6
  2582 | D:4      | Noticed Natasha
  2591 | D:4      | Killed Natasha
  2965 | D:4      | Noticed Natasha
  2975 | D:4      | Killed Natasha
  3141 | D:5      | Entered Level 5 of the Dungeon
  3223 | D:5      | Reached skill level 5 in Shields
  3312 | D:5      | Reached skill level 5 in Fighting
  3312 | D:5      | Reached skill level 5 in Armour
  3480 | D:5      | Reached XP level 7. HP: 44/44 MP: 7/7
  3956 | D:5      | Found an ornate altar of the Wu Jian Council.
  4082 | D:6      | Found Waitec's Armour Shoppe.
  4146 | D:6      | Found a staircase to the Ecumenical Temple.
  4159 | Temple   | Entered the Ecumenical Temple
  4212 | Temple   | Became a worshipper of Warmaster Okawaru
  4391 | D:6      | Found a shimmering blue altar of Sif Muna.
  4395 | D:6      | Found a shimmering altar of Xom.
  4400 | D:6      | Found a glowing silver altar of Zin.
  4481 | D:6      | Reached XP level 8. HP: 51/51 MP: 8/8
  4516 | D:6      | Reached skill level 5 in Maces & Flails
  4655 | D:6      | Killed from afar by an acid dragon

Illustrated notes

Levels and vault maps discovered:
D:1:      minmay_arrival_four_loops, layout_basic
D:2:      layout_rooms
D:3:      layout_basic, cheibriados_altar_2, minmay_misc_feat_chi,
          nicolae_concentric_dashed_squares_mild, glass_columns_b,
          nicolae_shop_vocational, uniq_crazy_yiuf_cottage
D:4:      minmay_skewed_foursquare, layout_cave_pools,
          kennysheep_generic_room_4, uniq_natasha
D:5:      layout_loops_ring, nzn_wu_jian_council_hall, serial_demonic,
          serial_demonic_b, serial_demonic_a, serial_demonic_b,
          serial_demonic_e, serial_demonic_a, serial_demonic_e,
          minmay_misc_feat_secret_circle
D:6:      layout_loops_corners, grunt_temple_overflow_diamond,
          minmay_temple_entry_sparse_star, serial_shops,
          nicolae_shop_behind_doors, grunt_decor_mini_mirrors, minmay_checkerbox
Temple:   minmay_crystal_spiral_temple

Skill      XL: |  1  2  3  4  5  6  7  8 |
---------------+-------------------------+-----
Fighting       | 4 5 6 |  6.0
Maces & Flails | 3 4 5 |  5.0
Armour         | 4 5 6 |  6.0
Shields        | 4 5 6 |  6.0

Action                     |  1- 3 |  4- 6 |  7- 9 || total
---------------------------+-------+-------+-------++-------
  Melee: Flail             |    95 |   165 |   105 ||   365
  Throw: Dart              |       |       |     9 ||     9
    Use: Scroll            |       |    11 |     5 ||    16
 Armour: Scale mail        |    54 |   109 |    84 ||   247
  Dodge: Dodged            |    60 |    81 |    68 ||   209
  Block: Buckler           |    18 |    41 |    36 ||    95

Table legend: (Time is in decaauts)
 A = Elapsed time spent in this place.
 B = Non-inter-level travel time spent in this place.
 C = Inter-level travel time spent in this place.
 D = Time resting spent in this place.
 E = Time spent auto-exploring this place.
 F = Levels seen in this place.
 G = Mean time per level.
                   A        B        C        D        E       F      G
               +--------+--------+--------+--------+--------+-----+--------+
         Total |   4762 |   4507 |    255 |     94 |   3346 |   7 |  680.3 |
       Dungeon |   4669 |   4452 |    217 |     94 |   3307 |   6 |  778.2 |
        Temple |     92 |     54 |     38 |      0 |     39 |   1 |   92.0 |
               +--------+--------+--------+--------+--------+-----+--------+

Top non-repeatable levels by time:
     D:4: 1039 daAuts
     D:1: 1017 daAuts
     D:5: 877 daAuts
     D:3: 724 daAuts
     D:6: 541 daAuts
     D:2: 469 daAuts
  Temple: 92 daAuts
